 Dungeon Crawl Stone Soup version 0.31-a0-145-g046c7d2549 (webtiles) character file.

Game seed: 1858693640094077290

72556 porpoise the End of an Era (level 15, -7/123 (138) HPs)
             Began as a Hill Orc Fighter on June 5, 2023.
             Was the Champion of Qazlal.
             Killed from afar by Azrael (33 damage)
             ... with damnation
             ... on level 14 of the Dungeon.
             The game lasted 01:11:36 (19863 turns).

porpoise the End of an Era (Hill Orc Fighter)      Turns: 19863, Time: 01:11:37

HP:   -7/123 (138)  AC: 23    Str: 29    XL:     15   Next: 40%
MP:   28/28         EV: 12    Int: 11    God:    Qazlal [******]
Gold: 1023          SH: 19    Dex: 14    Spells: 14/14 levels left

rFire   + + .        D - +2 broad axe (freeze)
rCold   + + .        R - +1 buckler
rNeg    . . .        u - +1 chain mail {rC+}
rPois   +            T - +2 helmet
rElec   .            y - scarf {rC+ rF+}
rCorr   .            e - +1 pair of gloves
SInv    .            r - +0 pair of boots
Will    ++...        c - amulet of Grace {Reflect rPois Will+ Int+3 SH+5} Stlth
                     J - +6 ring of strength
HPRegen 0.40/turn    Y - +4 ring of protection
MPRegen 0.21/turn

%: repel missiles, reflection
@: protected from fire, heavily drained
A: no striking features
a: Renounce Religion, Upheaval, Elemental Force, Disaster Area


You were on level 14 of the Dungeon.
You worshipped Qazlal.
Qazlal was exalted by your worship.
You visited 4 branches of the dungeon, and saw 22 of its levels.
You also visited: Ice Cave.

You collected 1936 gold pieces.
You spent 913 gold pieces at shops.

Inventory:

Hand Weapons
 a - a +0 broad axe of draining
 b - a +0 sling
 w - a +1 trident of freezing
 D - a +2 broad axe of freezing (weapon)
 F - a +2 morningstar of freezing
Missiles
 A - 7 boomerangs
 U - 10 curare-tipped darts (quivered)
Armour
 e - a +1 pair of gloves (worn)
 r - a +0 pair of boots (worn)
 s - a +1 plate armour of willpower
 u - a +1 chain mail of cold resistance (worn)
 y - a scarf of resistance (worn)
 R - a +1 buckler (worn)
 T - a +2 helmet (worn)
 V - +0 acid dragon scales
Jewellery
 c - the amulet of Grace (around neck) {Reflect rPois Will+ Int+3 SH+5}
   (You bought it in a shop on level 2 of the Orcish Mines)

   [amulet of reflection]

   It reflects blocked missile attacks.
   Int:       It affects your intelligence (+3).
   rPois:     It protects you from poison.
   SH:        It affects your SH (+5).
   Will:      It increases your willpower.
 d - the ring "Xutusah" {Fire rCorr Str+3 Slay+3}
   (You found it on level 11 of the Dungeon)

   [ring of fire]

   It enhances your fire magic.
   Str:       It affects your strength (+3).
   Slay:      It affects your accuracy & damage with ranged weapons and melee
   (+3).
   rF:        It protects you from fire.
   rC:        It makes you vulnerable to cold.
   rCorr:     It protects you from acid and corrosion.
 h - a ring of see invisible
 J - a +6 ring of strength (left hand)
 P - a ring of positive energy
 W - a ring of protection from fire
 Y - a +4 ring of protection (right hand)
Wands
 v - a wand of roots (16)
 z - a wand of paralysis (39)
 L - a wand of digging (13)
 M - a wand of flame (22)
 S - a wand of mindburst (33)
 X - a wand of acid (16)
Scrolls
 f - 3 scrolls of fear
 g - 2 scrolls of enchant weapon {unknown}
 i - 3 scrolls of vulnerability
 k - 5 scrolls of blinking
 l - 8 scrolls of teleportation
 t - 2 scrolls of enchant armour
 B - a scroll of poison
 E - 7 scrolls of fog
 K - 2 scrolls of noise
Potions
 j - 2 potions of enlightenment
 m - 11 potions of curing
 n - 2 potions of attraction
 p - 4 potions of invisibility
 q - a potion of ambrosia {unknown}
 x - 6 potions of haste
 C - 2 potions of brilliance
 G - a potion of berserk rage {unknown}
 H - a potion of might
 I - 3 potions of resistance
 Q - 3 potions of cancellation
Miscellaneous
 N - a piece from Xom's chessboard (15/15)


   Skills:
 - Level 14.0 Fighting
 - Level 18.0 Axes
 - Level 6.0 Throwing
 - Level 9.0 Armour
 + Level 6.8 Dodging
 + Level 5.5 Shields
 + Level 18.4 Invocations
 - Level 5.0 Evocations


You had 14 spell levels left.
You didn't know any spells.
Your spell library contained the following spells:

 Spells                   Type           Power      Damage    Failure   Level
 Freeze                   Ice            0%         1d3       82%         1
 Magic Dart               Conj           0%         1d3       82%         1
 Shock                    Conj/Air       0%         1d3       82%         1
 Scorch                   Fire           0%         2d5       91%         2
 Searing Ray              Conj           0%         2d4       91%         2
 Sublimation of Blood     Necr           0%         N/A       91%         2
 Frozen Ramparts          Ice            0%         1d1       99%         3
 Hailstorm                Conj/Ice       0%         3d3       99%         3
 Inner Flame              Hex/Fire       0%         N/A       99%         3
 Swiftness                Air            0%         N/A       99%         3
 Airstrike                Air            0%         2d(0-16)  100%        4
 Anguish                  Hex/Necr       0%         N/A       100%        4
 Cause Fear               Hex            0%         N/A       100%        4
 Flame Wave               Conj/Fire      0%         2d4       100%        4
 Fulminant Prism          Conj/Hex       0%         3d5       100%        4
 Ice Form                 Ice/Tmut       0%         N/A       100%        4
 Petrify                  Tmut/Erth      0%         N/A       100%        4
 Irradiate                Conj/Tmut      0%         3d11      100%        5
 Metabolic Englaciation   Hex/Ice        0%         N/A       100%        5
 Yara's Violent Unravell  Hex/Tmut       0%         3d3       100%        5
 Simulacrum               Ice/Necr       0%         N/A       100%        6
 Statue Form              Tmut/Erth      0%         N/A       100%        6
 Summon Cactus Giant      Summ           0%         N/A       100%        6
 Enfeeble                 Hex            0%         N/A       100%        7


Dungeon Overview and Level Annotations

Branches:
Dungeon (14/15)            Temple (1/1) D:4            Lair (5/5) D:10
 Shoals (0/4) Lair:2       Spider (0/4) Lair:2        Slime (0/5) Lair:4
    Orc (2/2) D:10            Elf (0/3) Orc:2         IceCv (visited)
 Vaults: D:13-14

Altars:
Ashenzari
Cheibriados
Dithmenos
Elyvilon
Fedhas
Gozag
Hepliaklqana
Kikubaaqudgha
Makhleb
Nemelex Xobeh
Okawaru
Qazlal
Ru
Sif Muna
Trog
Uskayaw
Vehumet
Wu Jian
Xom
Yredelemnul
Zin
The Shining One
Beogh
Jiyva

Shops:
D:6 :   D:10 [   Orc:2 !=[=

Annotations:
D:14 Azrael
Lair:2 exclusion: oklob plant
Lair:4 1 runed translucent door, exclusion: oklob plant


Message History

You destroy the wraith!
Qazlal accepts your kill. The hell hound breathes flames at you.
The blast of flame misses you. Azrael gestures at you.
The bolt of fire hits the hell hound.
The hell hound completely resists.
The bolt of fire hits you. You resist.
Your resistance to physical damage fades away.
You feel protected from fire.
You closely miss the hell hound. You barely miss the hell hound.
The hell hound misses you.
The hell hound bites you but does no damage.
Azrael gestures at you.
The fireball explodes!
The fireball engulfs the hell hound.
The hell hound completely resists.
The fireball engulfs the hell hound.
The hell hound completely resists.
The fireball engulfs you! You resist.
You feel more protected from fire.
* * * LOW HITPOINT WARNING * * *
The hell hound breathes flames at you.
The blast of flame hits you but does no damage.
You resist. You block the hell hound's attack.
You miss the hell hound. You slash the hell hound! You freeze the hell hound.
You kill the hell hound!
Qazlal accepts your kill.
The hell hound bites you but does no damage.
You hit the hell hound but do no damage.
You slash the fire elemental! You freeze the fire elemental.
The fire elemental hits you. The fire elemental burns you! You resist.
* * * LOW HITPOINT WARNING * * *
You block the hell hound's attack.
Unknown command.
You slice the hell hound!! You freeze the hell hound!!
You kill the hell hound!
Qazlal accepts your kill.
You slash the fire elemental! You freeze the fire elemental!
You destroy the fire elemental!
Qazlal accepts your kill. Azrael gestures at you.
The sphere of damnation explodes!
The damnation engulfs you!!
You die...

,,*<,,*,,****,* #......#
,,*,,,**,* *,* #......#
,,******,* *,* #......# *,*
*,* *,* #......# *,*
*,****,* ##..#### *,***
*,,*,,,#####..# *,,,**
**,*,**#.°....# ***,,*
*,,,* #.°....#
****,*****,,**#○@§...# ,*
*,,,**,,,#.R[°....#
,****,,,,....°#°.°>..#
,,,,,,,,,...°°○....=.#*****
,,,,*****...,..........,,,*
***,* *,..☼.........###*,*
***,* *,.*###....####***,*
,**,****○☼* #.....,~~~,,,*
,,*,,,**,,* **,,***********


You could see Azrael.

Vanquished Creatures
  Rupert (D:14)
  A reaper (IceCv)
  4 dire elephants (Lair:5)
  A catoblepas (Lair:2)
  A hydra (Lair:5)
  2 ogre magi (Orc:2)
  2 centaur warriors (D:13)
  2 two-headed ogres
  3 boulder beetles
  2 death yaks (Lair:5)
  The ghost of pokeman the Thaumaturge, a journeyman DEHW of Vehumet (D:11)
  3 skysharks
  Urug (D:10)
  Nergalle (Orc:2)
  A spectral anaconda (Lair:5)
  2 spectral death yaks (Lair:5)
  3 skeletal warriors (D:12)
  An obsidian statue (Lair:5)
  2 deep elf pyromancers
  3 orc knights
  5 cyclopes
  4 necromancers (Lair:5)
  An ugly thing (D:12)
  9 orc sorcerers
  2 manticores
  9 elephants (Lair:5)
  2 ice statues (IceCv)
  A merfolk siren (Lair:2)
  2 torpor snails
  6 black mambas
  A gargoyle (D:12)
  13 cane toads
  A kobold demonologist (D:12)
  A dire elephant skeleton (Lair:5)
  Psyche (D:12)
  An efreet (D:13)
  A freezing wraith (D:14)
  2 rime drakes
  6 komodo dragons
  5 ice devils (IceCv)
  An anaconda simulacrum (IceCv)
  5 trolls
  5 hornets
  Grinder (D:6)
  A meliai (Lair:2)
  7 blink frogs
  3 spectral elephants (Lair:5)
  A dream sheep (Lair:5)
  8 slime creatures
  2 centaur simulacra (D:11)
  A vampire (D:12)
  5 dire elephant simulacra
  4 wraiths
  A shadow (D:8)
  4 wyverns
  3 fire elementals (D:14)
  37 yaks
  A death yak simulacrum (IceCv)
  2 basilisks
  4 fire bats (Lair:4)
  4 vampire mosquitoes (D:12)
  2 harpy simulacra (IceCv)
  2 wargs (Orc:2)
  4 hydra simulacra (IceCv)
  2 acid dragons
  3 spectral cane toads (Lair:5)
  11 water moccasins
  A floating eye (Orc:1)
  2 hell hounds (D:14)
  An elephant zombie (Lair:5)
  11 orc warriors
  A sky beast (D:7)
  3 black bears
  6 ogres
  5 ice beasts
  13 wolves (Lair:1)
  2 centaurs
  3 kobold brigands
  15 bullfrogs
  2 scorpions
  3 gnoll sergeants
  A cane toad simulacrum (IceCv)
  5 wights (D:6)
  2 elephant simulacra (Lair:5)
  20 killer bees
  An electric eel (Lair:4)
  4 howler monkeys
  A lava snake (Lair:4)
  A jelly (D:5)
  A gnoll bouda (D:8)
  4 hounds
  14 orc priests
  A sleepcap (D:4)
  Jessica (D:3)
  4 iguanas
  27 orc wizards
  A scorpion zombie (D:3)
  A troll simulacrum (IceCv)
  23 gnolls
  6 adders
  2 naga simulacra (IceCv)
  A shadow imp (D:7)
  4 white imps
  An ufetubus (D:5)
  2 worms (D:3)
  A dart slug (D:5)
  56 orcs
  9 bats
  3 endoplasms
  5 giant cockroaches
  14 goblins
  6 hobgoblins
  2 jackals (D:2)
  25 kobolds
  6 ball pythons
  4 frilled lizards
  A giant cockroach zombie (D:3)
  3 rats
565 creatures vanquished.

Vanquished Creatures (collateral kills)
  A hydra (Lair:4)
  2 yaks (Lair:4)
3 creatures vanquished.

Vanquished Creatures (others)
  An ogre mage (Orc:2)
  An orc wizard (Orc:2)
2 creatures vanquished.

Grand Total: 570 creatures vanquished

Notes
Turn   | Place    | Note
-------+----------+-------------------------------------------
     0 | D:1      | porpoise the Hill Orc Fighter began the quest for the Orb.
     0 | D:1      | Reached XP level 1. HP: 19/19 MP: 1/1
     9 | D:1      | Noticed an electric eel
    10 | D:1      | Noticed an electric eel
   188 | D:1      | Reached XP level 2. HP: 27/27 MP: 2/2
   882 | D:2      | Reached XP level 3. HP: 32/33 MP: 3/3
   919 | D:2      | Reached XP level 4. HP: 16/40 MP: 4/4
  1239 | D:2      | Reached skill level 5 in Axes
  1437 | D:2      | Reached XP level 5. HP: 47/47 MP: 5/5
  1512 | D:3      | Noticed Jessica
  1524 | D:3      | Killed Jessica
  2135 | D:3      | Found a basalt altar of Yredelemnul.
  2245 | D:4      | Found a staircase to the Ecumenical Temple.
  2312 | Temple   | Entered the Ecumenical Temple
  2533 | Temple   | Became a worshipper of Qazlal Stormbringer
  2765 | D:4      | Reached skill level 5 in Fighting
  2765 | D:4      | Reached XP level 6. HP: 56/56 MP: 6/6
  3283 | D:5      | Entered Level 5 of the Dungeon
  3386 | D:5      | Reached skill level 5 in Shields
  3418 | D:5      | Noticed a black bear
  3426 | D:5      | Killed a black bear
  3427 | D:5      | Reached XP level 7. HP: 51/62 MP: 7/7
  3429 | D:5      | Reached * piety under Qazlal
  3971 | D:5      | Found a snail-covered altar of Cheibriados.
  3979 | D:5      | Found a sparkling altar of Nemelex Xobeh.
  3979 | D:5      | Found a burning altar of Makhleb.
  3984 | D:5      | Found a glowing silver altar of Zin.
  4209 | D:6      | Found a broken altar of Ashenzari.
  4291 | D:6      | Reached XP level 8. HP: 47/71 MP: 8/8
  4315 | D:6      | Reached skill level 10 in Axes
  4772 | D:6      | Noticed Grinder
  4780 | D:6      | Killed Grinder
  4781 | D:6      | Reached skill level 1 in Invocations
  4985 | D:6      | Found Ovviose's Tiny Tomes.
  5325 | D:7      | Reached XP level 9. HP: 81/81 MP: 11/11
  5365 | D:7      | Reached ** piety under Qazlal
  5729 | D:7      | Noticed a hornet
  5733 | D:7      | Paralysed by a hornet for 1 turns
  5738 | D:7      | Paralysed by a hornet for 2 turns
  5743 | D:7      | Paralysed by a hornet for 1 turns
  5744 | D:7      | Killed a hornet
  5913 | D:7      | Reached skill level 5 in Invocations
  6037 | D:8      | Noticed a hornet
  6042 | D:8      | Paralysed by a hornet for 1 turns
  6051 | D:8      | Paralysed by a hornet for 1 turns
  6053 | D:8      | Killed a hornet
  6089 | D:8      | Noticed a manticore
  6331 | D:8      | Reached XP level 10. HP: 91/91 MP: 14/14
  6395 | D:8      | Identified the +1 robe of Apathy {rPois Dex-2 Slay+2 SInv}
  6579 | D:9      | Found an iron altar of Okawaru.
  7358 | D:10     | Entered Level 10 of the Dungeon
  7364 | D:10     | Reached *** piety under Qazlal
  7376 | D:10     | Noticed Urug
  7387 | D:10     | Killed Urug
  7388 | D:10     | Reached skill level 5 in Armour
  7673 | D:10     | Reached skill level 15 in Axes
  7697 | D:10     | Found a shimmering altar of Xom.
  7698 | D:10     | Found a shadowy altar of Dithmenos.
  7755 | D:10     | Found Raatuin's Armour Emporium.
  7755 | D:10     | Found a staircase to the Orcish Mines.
  8160 | D:10     | Reached XP level 11. HP: 97/97 MP: 17/17
  8309 | D:10     | Found a staircase to the Lair.
  8478 | Lair:1   | Entered Level 1 of the Lair of Beasts
  8494 | Lair:1   | Reached **** piety under Qazlal
  8738 | Lair:1   | Reached skill level 1 in Dodging
  8750 | Lair:1   | Reached skill level 1 in Evocations
  9074 | Lair:1   | Reached skill level 10 in Invocations
  9831 | Lair:2   | Noticed an oklob plant
  9926 | Lair:2   | Found a hole to the Spider Nest.
 10020 | Lair:2   | Noticed a skyshark
 10030 | Lair:2   | Killed a skyshark
 10125 | Lair:2   | Identified the +4 hand axe of Doom {venom, Int+7}
 10156 | Lair:2   | Noticed a catoblepas
 10333 | Lair:2   | Killed a catoblepas
 10334 | Lair:2   | Reached XP level 12. HP: 84/104 MP: 20/20
 10356 | Lair:2   | Reached skill level 5 in Evocations
 10675 | Lair:2   | Found a staircase to the Shoals.
 11714 | Lair:4   | Reached ***** piety under Qazlal
 11726 | Lair:4   | Noticed a skyshark
 11729 | Lair:4   | Reached skill level 5 in Dodging
 11750 | Lair:4   | Killed a skyshark
 11811 | Lair:4   | Reached skill level 10 in Fighting
 11922 | Lair:4   | Found a runed translucent door.
 11922 | Lair:4   | Found a viscous altar of Jiyva.
 11924 | Lair:4   | Found a staircase to the Slime Pits.
 12197 | Lair:4   | Noticed a five-headed hydra
 12213 | Lair:4   | Killed a five-headed hydra
 12728 | Lair:5   | Entered Level 5 of the Lair of Beasts
 13074 | Lair:5   | Reached XP level 13. HP: 116/116 MP: 23/23
 13137 | Lair:5   | Reached skill level 1 in Throwing
 14179 | Lair:5   | Noticed a dire elephant
 14179 | Lair:5   | Noticed a dire elephant
 14179 | Lair:5   | Noticed a dire elephant
 14179 | Lair:5   | Noticed a dire elephant
 14194 | Lair:5   | Reached skill level 15 in Invocations
 14553 | Lair:5   | Reached skill level 5 in Throwing
 14811 | Lair:5   | Reached XP level 14. HP: 105/126 MP: 26/26
 14829 | Lair:5   | Killed a dire elephant
 14831 | Lair:5   | Killed a dire elephant
 14834 | Lair:5   | Killed a dire elephant
 14844 | Lair:5   | Killed a dire elephant
 15427 | D:11     | Noticed pokeman's ghost (journeyman DEHW)
 15468 | D:11     | Found a runed translucent gate.
 15468 | D:11     | Found a runed translucent gate.
 15468 | D:11     | Found a runed translucent gate.
 15705 | D:11     | Killed pokeman's ghost
 15736 | D:11     | Got the ring "Xutusah" {Fire rCorr Str+3 Slay+3}
 15804 | D:12     | Noticed Psyche
 15823 | D:12     | Killed Psyche
 16207 | D:12     | Reached ****** piety under Qazlal
 16362 | D:12     | Found a radiant altar of Vehumet.
 16637 | Orc:1    | Entered Level 1 of the Orcish Mines
 17221 | Orc:2    | Entered Level 2 of the Orcish Mines
 17457 | Orc:2    | Found a staircase to the Elven Halls.
 17940 | Orc:2    | Found Yshrazumo's Jewellery Shoppe.
 17971 | Orc:2    | Found Lilya's Distillery.
 18008 | Orc:2    | Found a radiant altar of Vehumet.
 18014 | Orc:2    | Found Iwurch's Antique Armour Shoppe.
 18028 | Orc:2    | Reached XP level 15. HP: 103/136 MP: 27/27
 18050 | Orc:2    | Noticed Nergalle
 18051 | Orc:2    | Found an ancient bone altar of Kikubaaqudgha.
 18066 | Orc:2    | Killed Nergalle
 18107 | Orc:2    | Bought a potion of degeneration for 11 gold pieces
 18147 | Orc:2    | Found a roughly hewn altar of Beogh.
 18147 | Orc:2    | Found Wafumos's Jewellery Emporium.
 18243 | Orc:2    | Bought the amulet of Grace {Reflect rPois Will+ Int+3 SH+5}
                  | for 902 gold pieces
 18417 | D:13     | Found a frozen archway.
 18460 | IceCv    | Entered an ice cave
 19840 | D:14     | Noticed Rupert
 19851 | D:14     | Noticed Azrael
 19859 | D:14     | Killed Rupert
 19863 | D:14     | Killed from afar by Azrael

Illustrated notes

Levels and vault maps discovered:
D:1:      arrival_aquarium_b, layout_basic, minmay_misc_feat_doors,
          hangedman_decor_peaks_small, minmay_misc_feat_pillars
D:2:      layout_basic, kennysheep_generic_room_7
D:3:      layout_rooms, lemuel_zombie_altar_yredelemnul, uniq_jessica
D:4:      layout_basic, temple_statues, minmay_liquid_box, corexii_corridor_pit
D:5:      layout_basic, minitemple
D:6:      layout_basic, ashenzari_conservatory_becter,
          nicolae_shop_i_like_small_books_too, uniq_grinder
D:7:      layout_gridville, minmay_misc_feat_enclosed, grunt_decor_clamped,
          serial_bayou_pond_d
D:8:      layout_rooms, lightli_corner_chamber
D:9:      layout_long_grid, mainiacjoe_overflow_six_doors_small
D:10:     layout_cave_pods, gammafunk_temple_overflow_statue,
          grunt_lair_entry_orc_guard_hut, orc_david_3, uniq_urug
D:11:     layout_rooms, gammafunk_ghost_icy
D:12:     layout_cave_pools, nicolae_vehumet_radiance, uniq_psyche
D:13:     layout_basic, portal_ice_cave_entry_pillars_2, st_stairs_12
D:14:     layout_rooms, erik_vaults_1, gauntlet_entry_generic,
          corexii_corridor_pit, uniq_azrael, uniq_rupert
Temple:   nicolae_temple_figure_eight
Lair:1:   beast_lair_carwin_large_2, layout_long_grid
Lair:2:   layout_cave_shapes, minmay_shoals_entry_lonely_mermaid,
          hellmonk_spider_entry_not_the_bees, grunt_megastairs_3
Lair:3:   layout_hall_layers, chequers_serial_rivers_micro_d,
          columned_hall_lemuel
Lair:4:   layout_gridlike, slime_entry_2, serial_rivers,
          chequers_serial_rivers_micro_c, chequers_serial_rivers_small_3,
          chequers_serial_rivers_micro_d, chequers_serial_rivers_room_a
Lair:5:   due_jungle_book, layout_regular_city, minmay_shattered_shrine
Orc:1:    hellmonk_paralyzer, layout_diamond_mine
Orc:2:    kennysheep_orc_mage_school, layout_diamond_mine

Skill      XL: |  1  2  3  4  5  6  7  8  9 10 11 12 13 14 15 |
---------------+----------------------------------------------+-----
Axes           | 3 4 5 7 9 11 13 15 16 18 | 18.0
Fighting       | 4 5 6 8 9 11 12 13 14 | 14.0
Shields        | 4 5 |  5.5
Invocations    | 3 6 8 11 13 16 17 18 | 18.4
Armour         | 6 7 9 |  9.0
Dodging        | 4 5 6 |  6.8
Evocations     | 4 5 |  5.0
Throwing       | 5 6 |  6.0

Action                     |  1- 3 |  4- 6 |  7- 9 | 10-12 | 13-15 || total
---------------------------+-------+-------+-------+-------+-------++-------
  Melee: War axe           |    82 |   189 |   273 |   598 |   366 ||  1508
         Trident           |       |       |       |     5 |    11 ||    16
         Broad axe         |       |       |       |       |   566 ||   566
   Fire: Sling             |     8 |     6 |       |    11 |     5 ||    30
  Throw: Dart              |       |     3 |       |       |     2 ||     5
         Boomerang         |       |       |       |       |    13 ||    13
 Invoke: Elemental Force   |       |       |       |     1 |     1 ||     2
  Evoke: Wand              |       |       |       |     1 |       ||     1
    Use: Scroll            |       |     3 |     7 |     9 |     4 ||    23
         Potion            |       |       |     3 |     1 |     3 ||     7
   Stab: Distracted        |       |       |     1 |       |       ||     1
         Petrifying        |       |       |       |     4 |       ||     4
         Petrified         |       |       |       |     3 |       ||     3
         Paralysed         |       |       |       |     1 |       ||     1
 Armour: Scale mail        |    42 |    92 |   108 |   150 |       ||   392
         Plate armour      |       |       |       |    69 |   321 ||   390
         Chain mail        |       |       |       |       |    25 ||    25
  Dodge: Dodged            |    41 |   106 |   113 |   198 |   202 ||   660
         Repelled          |       |       |       |     1 |     3 ||     4
  Block: Buckler           |    21 |    44 |   127 |   290 |   453 ||   935
         Reflection        |       |       |       |       |     2 ||     2

Table legend: (Time is in decaauts)
 A = Elapsed time spent in this place.
 B = Non-inter-level travel time spent in this place.
 C = Inter-level travel time spent in this place.
 D = Time resting spent in this place.
 E = Time spent auto-exploring this place.
 F = Levels seen in this place.
 G = Mean time per level.
                   A        B        C        D        E       F      G
               +--------+--------+--------+--------+--------+-----+--------+
         Total |  19578 |  18343 |   1235 |   2289 |  11482 |  23 |  851.2 |
       Dungeon |  10707 |  10093 |    614 |   1152 |   6849 |  14 |  764.8 |
        Temple |    231 |    203 |     28 |      0 |    200 |   1 |  231.0 |
          Lair |   6446 |   6011 |    435 |   1015 |   3548 |   5 | 1289.2 |
  Orcish Mines |   1669 |   1512 |    157 |    113 |    710 |   2 |  834.5 |
      Ice Cave |    523 |    523 |      0 |      9 |    175 |   1 |  523.0 |
               +--------+--------+--------+--------+--------+-----+--------+

Top non-repeatable levels by time:
  Lair:5: 2124 daAuts
  Lair:1: 1474 daAuts
    D:10: 1239 daAuts
     D:6: 1113 daAuts
  Lair:4: 1046 daAuts
   Orc:2: 1015 daAuts
  Lair:2: 943 daAuts
     D:9: 929 daAuts
     D:5: 914 daAuts
  Lair:3: 857 daAuts
    D:13: 844 daAuts
     D:4: 831 daAuts
    D:12: 828 daAuts
     D:1: 797 daAuts
     D:3: 766 daAuts
